 Dungeon Crawl Stone Soup version 0.30-a0-557-ge2afbf3030 (webtiles) character file.

Game seed: 4718455886872040823

3762 bmack86 the Cleaver (level 9, -7/81 HPs)
             Began as a Minotaur Fighter on Dec 28, 2022.
             Was a Priest of Okawaru.
             Killed from afar by an electric eel (11 damage)
             ... with a bolt of electricity
             ... on level 4 of the Dungeon.
             The game lasted 00:26:20 (7157 turns).

bmack86 the Cleaver (Minotaur Fighter)              Turns: 7157, Time: 00:26:20

Health: -7/81      AC: 18    Str: 26    XL:     9   Next: 94%
Magic:  8/8        EV:  7    Int:  5    God:    Okawaru [***...]
Gold:   865        SH:  5    Dex:  9    Spells: 8/8 levels left

rFire   . . .      SeeInvis .    a - +1 war axe
rCold   . . .      Faith    .    c - +0 buckler
rNeg    . . .      Spirit   .    b - +0 plate armour
rPois   .          Reflect  .    j - +1 hat
rElec   .          Harm     .    N - +0 cloak
rCorr   .          Rampage  .    E - +0 pair of gloves
Will    .....                    u - +0 pair of boots Stlth
                                 K - amulet of regeneration
HPRegen 1.13/turn                C - ring of flight
MPRegen 0.11/turn                L - +4 ring of slaying

@: flying
A: horns 2, retaliatory headbutt
a: Renounce Religion, Heroism


You were on level 4 of the Dungeon.
You worshipped Okawaru.
Okawaru was most pleased with you.
You visited 2 branches of the dungeon, and saw 8 of its levels.
You also visited: Ossuary.

You collected 1662 gold pieces.
You spent 797 gold pieces at shops.

Inventory:

Hand Weapons
 a - a +1 war axe (weapon)
Missiles
 m - 2 poisoned darts (quivered)
 A - a throwing net
Armour
 b - a +0 plate armour (worn)
 c - a +0 buckler (worn)
 j - a +1 hat (worn)
 p - a +0 chain mail
 u - a +0 pair of boots (worn)
 E - a +0 pair of gloves (worn)
 N - a +0 cloak (worn)
Jewellery
 B - an amulet of faith
 C - a ring of flight (left hand)
 I - a ring of protection from cold
 K - an amulet of regeneration (around neck)
 L - a +4 ring of slaying (right hand)
Wands
 i - a wand of flame (14)
 H - a wand of charming (8)
 M - a wand of roots (4)
Scrolls
 f - 5 scrolls of teleportation
 g - 2 scrolls of magic mapping
 h - 3 scrolls of enchant weapon
 o - 3 scrolls of fog
 t - a scroll of silence
 y - a scroll of vulnerability
 D - a scroll of amnesia {unknown}
 F - a scroll of poison {unknown}
 G - a scroll of immolation {unknown}
Potions
 d - 3 potions of might
 e - a potion of brilliance
 k - 2 potions of haste
 n - 3 potions of attraction
 q - 2 potions of curing
 r - 3 potions of heal wounds
 s - 4 potions of lignification
 v - 2 potions of resistance
 w - 2 potions of degeneration {unknown}
 x - 2 potions of invisibility
 z - a potion of magic {unknown}
 J - 2 potions of flight


   Skills:
 + Level 7.8 Fighting
 * Level 10.0 Axes
 + Level 4.7 Throwing
 + Level 7.8 Armour
 + Level 7.8 Shields
 + Level 3.0 Evocations


You had 8 spell levels left.
You didn't know any spells.
Your spell library contained the following spells:

 Spells                   Type           Power      Damage    Failure   Level
 Freeze                   Ice            0%         1d3       100%        1
 Shock                    Conj/Air       0%         1d3       100%        1
 Frozen Ramparts          Ice            0%         1d1       100%        3
 Gell's Gravitas          Tloc           0%         N/A       100%        3
 Hailstorm                Conj/Ice       0%         3d3       100%        3
 Inner Flame              Hex/Fire       0%         N/A       100%        3
 Lesser Beckoning         Tloc           0%         N/A       100%        3
 Ozocubu's Armour         Ice            0%         N/A       100%        3
 Portal Projectile        Hex/Tloc       0%         N/A       100%        3
 Swiftness                Air            0%         N/A       100%        3
 Teleport Other           Tloc           0%         N/A       100%        3
 Airstrike                Air            0%         2d(0-16)  100%        4
 Cause Fear               Hex            0%         N/A       100%        4
 Leda's Liquefaction      Hex/Erth       0%         N/A       100%        4
 Ozocubu's Refrigeration  Ice            0%         4d7       100%        7
 Discord                  Hex            0%         N/A       100%        8
 Call Canine Familiar     Summ           Unusable   N/A       N/A         3

Dungeon Overview and Level Annotations

Branches:
Dungeon (7/15)             Temple (1/1) D:5         Ossuary (visited)

Altars:
Ashenzari
Cheibriados
Gozag
Hepliaklqana
Okawaru
Qazlal
Ru
Trog
Uskayaw
Vehumet
Wu Jian

Shops:
D:1 [   D:5 :

Annotations:
D:4 1 transporter


Innate Abilities, Weirdness & Mutations

You have a pair of horns on your head.
You reflexively headbutt those who attack you in melee.


Message History

The bolt of electricity hits you but does no damage.
The bolt of electricity hits the electric eel.
The electric eel completely resists.
The bolt of electricity hits the electric eel.
The electric eel completely resists.
The electric eel shoots out a bolt of lightning at you!
The bolt of electricity hits you.
The bolt of electricity hits the electric eel.
The electric eel completely resists.
The bolt of electricity hits the electric eel.
The electric eel completely resists.
The bolt of electricity hits you!
You slash the electric eel! Your headbutt misses the electric eel.
The electric eel is heavily wounded.
The electric eel shoots out a bolt of lightning at you!
The bolt of electricity hits you!
The bolt of electricity misses the electric eel.
The bolt of electricity hits the electric eel.
The electric eel completely resists.
The bolt of electricity hits you!
* * * LOW HITPOINT WARNING * * *
You hit the electric eel.
The electric eel is severely wounded.
The electric eel shoots out a bolt of lightning at you!
The bolt of electricity hits you.
* * * LOW HITPOINT WARNING * * *
The bolt of electricity misses the electric eel.
The bolt of electricity hits the electric eel.
The electric eel completely resists.
You hit the electric eel.
The electric eel is almost dead.
You slice the electric eel!!
You kill the electric eel!
Okawaru accepts your kill.
The electric eel shoots out a bolt of lightning at you!
The bolt of electricity hits you!
* * * LOW HITPOINT WARNING * * *
The bolt of electricity hits you!
* * * LOW HITPOINT WARNING * * *
The electric eel shoots out a bolt of lightning at you!
The bolt of electricity hits you!
You die...

##.# #.# #..#8.©[8#.#
#.#####.# #..#P.$.P#.#
##.......# ##..###+###.#
#........# #...#~..[~#.#
#........# #...#~...~#.#
#........###...#~...~#.#
#........##....#~.♣.~#.#
#..............#~...~#.#
#......####.##.#@...S#.#
#.########..##.#~..[~#.#
#........#.###.###'###.#
########.#.# #.#P...P#.#
## #...###.#8.©.8#.# .#
#....##.#######.# .#
##..#.##....©....# .#
#...#.........#### .#
###..#######...##


You could see an electric eel.

Vanquished Creatures
  Joseph (D:7)
  Sigmund (D:5)
  A wyvern (D:6)
  2 water moccasins
  3 black bears (D:6)
  4 ogres
  2 ice beasts
  2 sky beasts (D:6)
  A phantom (D:5)
  A bullfrog (D:7)
  3 scorpions
  10 wights
  8 killer bees (D:7)
  An electric eel (D:4)
  A jelly (D:6)
  A hound (D:6)
  2 iguanas (D:5)
  Ijyb (D:5)
  8 orc wizards
  11 mummies (Ossuary)
  11 adders
  2 white imps
  An ufetubus (D:5)
  2 worms
  4 dart slugs
  19 orcs
  19 ball pythons
  3 bats
  7 endoplasms
  5 giant cockroaches
  7 goblins
  10 hobgoblins
  6 quokkas
  5 frilled lizards
  A gnoll skeleton (Ossuary)
  2 goblin skeletons (Ossuary)
  7 kobolds
  2 kobold skeletons (Ossuary)
  3 orc skeletons (Ossuary)
  6 rats
  11 rat skeletons (Ossuary)
197 creatures vanquished.

Vanquished Creatures (others)
  An orc wizard (D:7)
1 creature vanquished.

Grand Total: 198 creatures vanquished

Notes
Turn   | Place    | Note
-------+----------+-------------------------------------------
     0 | D:1      | bmack86 the Minotaur Fighter began the quest for the Orb.
     0 | D:1      | Reached XP level 1. HP: 19/19 MP: 0/0
    89 | D:1      | Reached XP level 2. HP: 27/27 MP: 1/1
   229 | D:1      | Reached skill level 3 in Axes
   332 | D:1      | Reached XP level 3. HP: 32/33 MP: 2/2
   658 | D:1      | Found Pouratha's Antique Armour Shop.
  1033 | D:2      | Reached XP level 4. HP: 40/40 MP: 3/3
  1320 | D:2      | Reached skill level 4 in Axes
  1604 | D:1      | Bought a pair of boots for 130 gold pieces
  1674 | D:3      | You fall into a shaft and drop 3 floors!
  1723 | D:6      | Reached XP level 5. HP: 22/47 MP: 4/4
  1726 | D:5      | Entered Level 5 of the Dungeon
  1818 | D:5      | Found a sand-covered staircase.
  1885 | Ossuary  | Entered an ossuary
  1985 | Ossuary  | Reached skill level 5 in Axes
  2014 | Ossuary  | Reached XP level 6. HP: 55/55 MP: 5/5
  2156 | Ossuary  | Reached skill level 5 in Fighting
  2297 | Ossuary  | Reached skill level 5 in Shields
  2307 | Ossuary  | Reached skill level 5 in Armour
  2560 | D:4      | Found a transporter.
  2571 | D:4      | Found a transporter.
  3412 | D:3      | Identified the +8 hand axe of Defenestration {freeze,
                  | Will+}
  3582 | D:4      | Found a stormy altar of Qazlal.
  3627 | D:4      | Reached skill level 1 in Throwing
  3627 | D:4      | Reached XP level 7. HP: 61/61 MP: 6/6
  3749 | D:4      | Reached skill level 6 in Axes
  4291 | D:5      | Found Reileah's Book Emporium.
  4502 | D:5      | Reached skill level 7 in Axes
  4802 | D:5      | Found a staircase to the Ecumenical Temple.
  4802 | D:5      | Noticed Sigmund
  4812 | Temple   | Entered the Ecumenical Temple
  4861 | Temple   | Became a worshipper of Warmaster Okawaru
  4900 | D:5      | Killed Sigmund
  4901 | D:5      | Reached XP level 8. HP: 69/70 MP: 7/7
  5082 | D:5      | Noticed Ijyb
  5097 | D:5      | Killed Ijyb
  5346 | D:6      | Reached * piety under Okawaru
  5390 | D:6      | Reached skill level 8 in Axes
  5503 | D:6      | Reached skill level 1 in Evocations
  5606 | D:6      | Reached ** piety under Okawaru
  5607 | D:6      | Reached XP level 9. HP: 78/78 MP: 8/8
  5728 | D:6      | Found a snail-covered altar of Cheibriados.
  5925 | D:6      | Found a bloodstained altar of Trog.
  5988 | D:7      | Reached skill level 9 in Axes
  6199 | D:7      | Noticed Joseph
  6224 | D:7      | Killed Joseph
  6263 | D:7      | Found a sacrificial altar of Ru.
  6344 | D:7      | Found a hazy altar of Hepliaklqana.
  6376 | D:7      | Reached skill level 10 in Axes
  6377 | D:7      | Reached *** piety under Okawaru
  6851 | D:7      | Identified a scroll of acquirement
  6851 | D:7      | Acquired 1262 gold pieces
  7000 | D:1      | Bought a plate armour for 667 gold pieces
  7156 | D:4      | HP: 3/81 [electric eel/bolt of electricity (8)]
  7157 | D:4      | Killed from afar by an electric eel

Illustrated notes

Levels and vault maps discovered:
D:1:      psy_arrival_radial01, layout_basic, serial_shops,
          nicolae_shop_window_shopping
D:2:      layout_rooms
D:3:      minmay_wonky_spiral, layout_basic, grunt_ministairs_12
D:4:      gammafunk_steamed_eel, layout_basic, grunt_qazlal_sundering
D:5:      layout_loops_cross, minmay_temple_entry_glass, serial_shops,
          shop_statue, enter_ossuary_2, corner_web_ring, kennysheep_path_1,
          uniq_ijyb, uniq_sigmund
D:6:      layout_loops_cross, mainiacjoe_overflow_tiny_flanked,
          lightli_temple_of_fire, nicolae_overflow_hidden_temple
D:7:      layout_basic, nicolae_ru_sacrificial_ziggurat, lemuel_doored_altar,
          kennysheep_minor_cross, minmay_splitting_lines, uniq_joseph
Temple:   jpeg_temple_clearing

Skill      XL: |  1  2  3  4  5  6  7  8  9 |
---------------+----------------------------+-----
Axes           | 3 4 5 7 8 10 | 10.0
Fighting       | 4 5 6 7 |  7.8
Armour         | 4 5 6 7 |  7.8
Shields        | 4 5 6 7 |  7.8
Throwing       | 1 2 3 4 |  4.7
Evocations     | 1 3 |  3.0

Action                   |  1- 3 |  4- 6 |  7- 9 || total
-------------------------+-------+-------+-------++-------
Melee: War axe           |    62 |   161 |   203 ||   426
       Headbutt          |    10 |    34 |    34 ||    78
Invok: Heroism           |       |       |     2 ||     2
  Use: Scroll            |     3 |     9 |     6 ||    18
       Potion            |       |     1 |     1 ||     2
Armor: Scale mail        |    49 |     3 |       ||    52
       Chain mail        |       |    55 |   149 ||   204
       Plate armour      |       |       |     1 ||     1
Dodge: Dodged            |    37 |    52 |   106 ||   195
Block: Buckler           |    10 |    28 |    40 ||    78

Table legend: (Time is in decaauts)
 A = Elapsed time spent in this place.
 B = Non-inter-level travel time spent in this place.
 C = Inter-level travel time spent in this place.
 D = Time resting spent in this place.
 E = Time spent auto-exploring this place.
 F = Levels seen in this place.
 G = Mean time per level.
                   A        B        C        D        E       F      G
               +--------+--------+--------+--------+--------+-----+--------+
         Total |   7239 |   6814 |    425 |    494 |   3557 |   9 |  804.3 |
       Dungeon |   6568 |   6143 |    425 |    249 |   3503 |   7 |  938.3 |
        Temple |     74 |     74 |      0 |      0 |     41 |   1 |   74.0 |
       Ossuary |    596 |    596 |      0 |    245 |     13 |   1 |  596.0 |
               +--------+--------+--------+--------+--------+-----+--------+

Top non-repeatable levels by time:
     D:5: 1258 daAuts
     D:1: 1093 daAuts
     D:4: 965 daAuts
     D:3: 954 daAuts
     D:7: 916 daAuts
     D:6: 709 daAuts
     D:2: 670 daAuts
 Ossuary: 596 daAuts
  Temple: 74 daAuts
